AoeStats
← xXMotherHunter96Xx

Lombardia

508925111Analyzed
2v2 RM · 7d ago on Sep 24, 2026· 61m 57s· 4 players
Game mode
Random Map
Map size
Medium (4 player)
Population
200
Speed
Normal
Resources
Standard
Victory
Conquest
Starting age
Dark Age
Ending age
Imperial Age
RankedLock teamsTeams togetherTeam positionsShared explorationLock speedFull tech treeHidden civsTurbo modeCheats
Victory
Defeat
🇩🇪 Aztecs · Germany
1249
+14
🇩🇪 Hindustanis · Germany
1195
+17
🇨🇭 Persians · Switzerland
1257
-18
🇨🇭 Romans · Switzerland
1161
-13
SpeedyMCLörres
6:22 Loom
8:49 Feudal Age
9:54 Double-Bit Axe
12:06 Wheelbarrow
14:04 Horse Collar
20:19 Castle Age
19:14 Gold Mining
21:06 Forging
22:18 Bow Saw
22:21 Scale Barding Armor
23:19 Bloodlines
23:43 Chain Barding Armor
23:57 Heavy Plow
38:36 Iron Casting
38:27 Fletching
41:14 Imperial Age
39:00 Hand Cart
39:53 Husbandry
40:36 Bodkin Arrow
40:52 Cavalier
42:39 Plate Barding Armor
44:39 Blast Furnace
43:50 Savar
51:31 Light Cavalry
53:15 Hussar
xXMotherHunter96Xx
8:02 Loom
10:19 Feudal Age
11:38 Double-Bit Axe
16:34 Fletching
16:33 Horse Collar
21:56 Castle Age
20:14 Stone Mining
20:14 Gold Mining
21:45 Wheelbarrow
21:30 Padded Archer Armor
22:55 Crossbowman
22:58 Elite Skirmisher
23:01 Man-at-Arms
23:43 Squires
25:59 Bow Saw
30:47 Long Swordsman
31:32 Scale Mail Armor
31:43 Forging
35:31 Heavy Plow
36:36 Chain Mail Armor
40:02 Imperial Age
38:03 Pikeman
39:22 Iron Casting
40:35 Halberdier
44:23 Gold Mining
46:19 Hand Cart
46:54 Ballistas
46:41 Heavy Scorpion
59:09 Chemistry
wasserk0cher
0:38 Loom
11:43 Feudal Age
17:55 Castle Age
17:07 Stone Mining
19:50 Double-Bit Axe
24:31 Scale Barding Armor
26:25 Caravan
27:40 Fletching
29:25 Town Watch
32:46 Bloodlines
32:57 Chain Barding Armor
32:48 Forging
32:58 Squires
32:43 Arson
33:14 Horse Collar
39:55 Imperial Age
37:18 Gold Mining
39:02 Iron Casting
39:43 Bodkin Arrow
39:59 Heavy Camel Rider
41:15 Plate Barding Armor
41:42 Blast Furnace
41:31 Husbandry
41:37 Scale Mail Armor
42:00 Conscription
42:50 Wheelbarrow
42:51 Gold Shaft Mining
42:30 Imperial Camel Rider
44:23 Murder Holes
47:11 Chemistry
47:42 Bracer
60:10 Elite Ghulam
62:35 Bow Saw
62:42 Hand Cart
Huehnchen3
10:02 Loom
11:47 Feudal Age
12:39 Horse Collar
12:45 Double-Bit Axe
15:49 Gold Mining
19:22 Padded Archer Armor
22:34 Castle Age
20:34 Fletching
21:07 Town Watch
22:05 Scale Mail Armor
22:36 Crossbowman
23:13 Bodkin Arrow
23:34 Bow Saw
23:36 Heavy Plow
24:47 Wheelbarrow
25:15 Leather Archer Armor
26:41 Ballistics
28:13 Pikeman
33:59 Hand Cart
35:07 Gold Shaft Mining
34:24 Stone Mining
39:15 Imperial Age
39:14 Forging
39:30 Caravan
40:07 Arbalester
41:50 Coinage
42:27 Onager
44:39 Chemistry
46:03 Hand Cart
45:49 Town Patrol
46:24 Atlatl
46:45 Conscription
47:54 Murder Holes
48:04 Siege Engineers
48:43 Banking
48:33 Squires
48:18 Arson
48:52 Chain Mail Armor
49:12 Iron Casting
50:23 Bracer
50:53 Plate Mail Armor
49:46 Elite Skirmisher
52:44 Blast Furnace
54:31 Garland Wars
55:11 Elite Jaguar Warrior
Connection lost

Rejoining the realm…

Still unreachable

The connection could not be restored.

Session expired

The server has moved on; the page needs a fresh start.